 Dungeon Crawl Stone Soup version 0.24.1-14-gf8d2b509d9 (webtiles) character file.

Game seed: 1383501619368587829, levelgen mode: deterministic

16 Huri the Skirmisher (level 2, -1/19 HPs)
             Began as a Gargoyle Berserker on Oct 21, 2020.
             Was a Follower of Trog.
             Slain by Sigmund
             ... wielding a +0 scythe of slicing
              (11 damage)
             ... on level 2 of the Dungeon.
             The game lasted 00:04:34 (895 turns).

Huri the Skirmisher (Gargoyle Berserker)             Turns: 895, Time: 00:04:35

Health: -1/19      AC:  6    Str: 20    XL:     2   Next: 54%
Magic:  2/2        EV:  9    Int:  7    God:    Trog [*.....]
Gold:   88         SH:  7    Dex:  9    Spells: 1/1 levels left

rFire    . . .     SeeInvis .   a - +0 mace
rCold    . . .     Gourm    .   o - +0 shield
rNeg     + . .     Faith    .   b - +0 animal skin
rPois    ∞         Spirit   .   (no helmet)
rElec    +         Reflect  .   i - +0 cloak
rCorr    .         Harm     .   (no gloves)
MR       .....                  (no boots)
Stlth    +.........             (no amulet)
HPRegen  0.06/turn              (no ring)
MPRegen  0.08/turn              (no ring)

@: no status effects
A: negative energy resistance 1, electricity resistance, unbreathing,
petrification resistance, rot immunity, AC +2
a: Berserk, Renounce Religion


You were on level 2 of the Dungeon.
You worshipped Trog.
Trog was aware of your devotion.
You were not hungry.

You visited 1 branch of the dungeon, and saw 2 of its levels.

You collected 88 gold pieces.

Inventory:

Hand Weapons
 a - a +0 mace (weapon)
Missiles
 f - 40 arrows
 g - 40 stones
 j - 10 poisoned darts (quivered)
Armour
 b - a +0 animal skin (worn)
 i - a +0 cloak (worn)
 o - a +0 shield (worn)
Scrolls
 d - 2 scrolls of amnesia {unknown}
 e - a scroll of enchant weapon {unknown}
 h - a scroll of fog {unknown}
 k - a scroll of teleportation {unknown}
 m - a scroll of identify {unknown}
Potions
 l - a potion of cancellation {unknown}
Comestibles
 c - 2 rations
 n - a chunk of flesh


   Skills:
 + Level 3.5 Fighting
 + Level 3.3 Maces & Flails
 + Level 2.5 Armour
 - Level 1.6 Dodging
 * Level 0.1 Shields


You had one spell level left.
You didn't know any spells.
Your spell library was empty.

Dungeon Overview and Level Annotations

Branches:
Dungeon (2/15)

Altars:

Annotations:
D:2 Sigmund


Innate Abilities, Weirdness & Mutations

You are resistant to torment.
Your stone body is resilient. (AC +2)
You are immune to poison.
You resist negative energy. (rN+)
You are resistant to electric shocks. (rElec)
You can survive without breathing.
You are immune to petrification.
You are immune to rotting.


Message History

Sigmund moves out of view.
There is a stone staircase leading down here.
The kobold throws a stone.
The stone hits you but does no damage.
You see here a stone.
A goblin comes into view.
Sigmund closely misses you. The dart slug launches a dart at you.
You block the slug dart.
The kobold throws a stone.
The stone hits you but does no damage.
Found a helmet.
You see here a stone.
You hit Sigmund.
Sigmund is lightly wounded.
Sigmund hits you with a +0 scythe of slicing!
You barely miss Sigmund.
Sigmund is lightly wounded.
You block the kobold's attack.
Sigmund hits you with a +0 scythe of slicing!
Ouch! That really hurt!
You die...

.g......# ........
......
####.w################
#.....(.....)......[.<
#.##.g################
#.># ##(# #@#
#.[..K@.# ..........#
..........#
....g##.### ..... ..#
.... ### ....


You could see Sigmund, a dart slug, 2 goblins and a kobold.

Vanquished Creatures
  A leopard gecko (D:1)
  A giant cockroach (D:1)
  A goblin (D:1)
  A hobgoblin (D:1)
  4 kobolds
  A ball python (D:1)
  A bat (D:1)
  2 frilled lizards (D:1)
  3 rats (D:1)
15 creatures vanquished.

Vanquished Creatures (others)
  A kobold (D:2)
  A rat (D:2)
2 creatures vanquished.

Grand Total: 17 creatures vanquished

Notes
Turn   | Place    | Note
-------+----------+-------------------------------------------
     0 | D:1      | Huri the Gargoyle Berserker began the quest for the Orb.
     0 | D:1      | Reached XP level 1. HP: 14/14 MP: 1/1
   212 | D:1      | Reached XP level 2. HP: 14/19 MP: 2/2
   891 | D:2      | Noticed Sigmund
   895 | D:2      | Slain by Sigmund

Levels and vault maps discovered:
D:1:      dpeg_arrival_windows_large_door, layout_loops_cross,
          minmay_shallow_snake_nest
D:2:      layout_basic, grunt_temple_overflow_cloverleaf,
          chequers_ecumenical_altar_simple, lemuel_flame_loot_1, uniq_natasha,
          uniq_sigmund

Action                   || total
-------------------------++-------
Melee: Mace              ||    37
Throw: Dart              ||     3
Armor: Animal skin       ||    16
Dodge: Dodged            ||    29
Block: Shield            ||     6
